[Event "Titled Tuesday Blitz June 20 Early 2023"]
[White "Moskvin, Anatoly"]
[Black "Eisa Mohmood, Alkhoori"]
[WhiteFideId "24199990"]
[BlackFideId "9316116"]
[WhiteElo "2104"]
[BlackElo "1364"]
[Result "1-0"]
[Round "2"]
[TimeControl "180+2"]
[Date "2023.06.20"]
[WhiteClock "0:00:09"]
[BlackClock "0:00:00"]
[Board "227"]

1. e4 c5 2. Nf3 d6 3. d4 cxd4 4. Nxd4 Nf6 5. f3 g6 6. c4 Bg7 7. Nc3 O-O 8. Be3 Nc6 9. Qd2 Bd7 10. Be2 Rc8 11. Rc1 Nxd4 12. Bxd4 Bc6 13. O-O Nd7 14. Be3 Re8 15. b4 b6 16. Nd5 Bb7 17. Rfd1 Nf6 18. h4 h5 19. Bg5 Nxd5 20. cxd5 Qd7 21. Kh2 Be5+ 22. f4 Bg7 23. f5 gxf5 24. Rf1 Rxc1 25. Qxc1 fxe4 26. Bxh5 Bxd5 27. Bh6 Be5+ 28. Kh1 e3 29. Qxe3 Kh8 30. Bxf7 Bxf7 31. Rxf7 Rg8 32. Qf3 Qg4 33. Qxg4 Rxg4 34. Rxe7 1-0


[Site "https://www.chess.com"]

[Event "Titled Tuesday Blitz June 20 Early 2023"]
[White "LangesNasenhaar"]
[Black "Vargas Rodriguez, Wilver"]
[BlackFideId "3509672"]
[WhiteElo "2465"]
[BlackElo "2245"]
[Result "1-0"]
[Round "2"]
[TimeControl "180+2"]
[Date "2023.06.20"]
[WhiteClock "0:02:06"]
[BlackClock "0:00:00"]
[Board "228"]

1. d4 Nf6 2. Nc3 d5 3. Bf4 c6 4. e3 Bf5 5. Nf3 e6 6. Ne5 Nbd7 7. g4 Bg6 8. h4 h6 9. Nxg6 fxg6 10. Bd3 Kf7 11. Qf3 Bb4 12. Ke2 Bxc3 13. bxc3 Ke7 14. g5 Nh5 15. Bxg6 Nxf4+ 16. Qxf4 Qf8 17. Qxf8+ Raxf8 18. f4 Nb6 19. Bd3 Kd6 20. Rag1 h5 21. g6 Rf6 22. Rg5 1-0


[Site "https://www.chess.com"]

[Event "Titled Tuesday Blitz June 20 Early 2023"]
[White "Hartikainen, Jarmo"]
[Black "Rohde, Michael"]
[WhiteFideId "503134"]
[BlackFideId "2000172"]
[WhiteElo "2141"]
[BlackElo "2274"]
[Result "0-1"]
[Round "2"]
[TimeControl "180+2"]
[Date "2023.06.20"]
[WhiteClock "0:00:00"]
[BlackClock "0:00:28"]
[Board "229"]

1. e4 c5 2. c3 Nf6 3. e5 Nd5 4. d4 cxd4 5. Nf3 e6 6. cxd4 d6 7. Nc3 Nc6 8. Bd3 dxe5 9. dxe5 Ndb4 10. Be4 Qxd1+ 11. Nxd1 Bd7 12. O-O Na6 13. a3 Nc5 14. Bc2 a5 15. Be3 a4 16. Rc1 Nb3 17. Bxb3 axb3 18. Nc3 Be7 19. Ne4 O-O 20. Nc5 Bxc5 21. Bxc5 Rfc8 22. Rfd1 Be8 23. Bd6 Na5 24. Nd4 Nc4 25. Nxb3 Ba4 26. Rd3 Bxb3 27. Rxb3 Nxd6 28. Rbc3 Rxc3 29. Rxc3 Ne8 30. f4 Kf8 31. g3 Ke7 32. Kg2 Kd7 33. Rb3 Kc7 34. Rc3+ Kb6 35. Rb3+ Ka6 36. Rd3 Rc8 37. Rd7 Rc2+ 38. Kh3 Nc7 39. Rxf7 Nd5 40. b4 Ne3 41. Rxg7 Nf1 42. Rxh7 Rxh2+ 43. Kg4 Rxh7 44. f5 exf5+ 45. Kf4 Nd2 46. Kxf5 Kb6 47. g4 Kc6 48. g5 Kd7 49. g6 Rh1 50. Kf6 Ne4+ 51. Kf7 Ng5+ 52. Kf6 Ne6 53. g7 Nxg7 54. Kxg7 Ke6 55. a4 Rb1 0-1


[Site "https://www.chess.com"]

[Event "Titled Tuesday Blitz June 20 Early 2023"]
[White "Acosta Cruz, Oscar Yosimar"]
[Black "Jovic, Stanoje"]
[WhiteFideId "5111269"]
[BlackFideId "905020"]
[WhiteElo "2147"]
[BlackElo "2236"]
[Result "0-1"]
[Round "2"]
[TimeControl "180+2"]
[Date "2023.06.20"]
[WhiteClock "0:00:00"]
[BlackClock "0:00:30"]
[Board "230"]

1. Nf3 Nf6 2. c4 c5 3. g3 Nc6 4. Bg2 g6 5. O-O Bg7 6. Nc3 O-O 7. d3 d5 8. cxd5 Nxd5 9. Bd2 Bg4 10. Rc1 Nxc3 11. Bxc3 Bxc3 12. Rxc3 b6 13. Nd2 Rc8 14. h3 Be6 15. Ne4 h6 16. Qd2 Kg7 17. a3 Qd7 18. Kh2 f5 19. Nxc5 bxc5 20. Rxc5 Nd4 21. b4 Rxc5 22. bxc5 Kh7 23. e3 Nc6 24. d4 Rb8 25. d5 Bf7 26. Rd1 Nd8 27. Qa5 Rb5 28. Qc3 Qc7 29. c6 Nb7 30. Qd3 Nd6 31. a4 Rb4 32. h4 h5 33. Ra1 Ne4 34. a5 Nxf2 0-1


[Site "https://www.chess.com"]

[Event "Titled Tuesday Blitz June 20 Early 2023"]
[White "Jaivardhan Raj"]
[Black "Bazilius, Augustinas"]
[WhiteFideId "25744437"]
[BlackFideId "12832251"]
[WhiteElo "1772"]
[BlackElo "1980"]
[Result "0-1"]
[Round "2"]
[TimeControl "180+2"]
[Date "2023.06.20"]
[WhiteClock "0:01:14"]
[BlackClock "0:01:33"]
[Board "231"]

1. e4 c5 2. Nf3 d6 3. d4 cxd4 4. Qxd4 Nf6 5. c4 Nc6 6. Qe3 g6 7. Nc3 Bg7 8. h3 O-O 9. Be2 Nd7 10. O-O Nc5 11. Nd2 Nd4 12. Rb1 f5 13. exf5 Bxf5 14. Nde4 Nxe2+ 15. Qxe2 Bxc3 16. Nxc5 dxc5 17. Ra1 Bf6 18. g4 Bd3 19. Qe6+ Kg7 20. Rd1 Bxc4 21. Qe1 Qc7 22. Qe3 Rad8 23. Qh6+ Kg8 24. Bf4 Qb6 25. b3 Bxa1 26. Rxa1 Qf6 27. Re1 Qxf4 0-1


[Site "https://www.chess.com"]

[Event "Titled Tuesday Blitz June 20 Early 2023"]
[White "Floresvillar Gonzalez, Luis Migu"]
[Black "Titichoca Daza, Daniel"]
[WhiteFideId "5100542"]
[BlackFideId "3309550"]
[WhiteElo "2040"]
[BlackElo "2101"]
[Result "0-1"]
[Round "2"]
[TimeControl "180+2"]
[Date "2023.06.20"]
[WhiteClock "0:00:00"]
[BlackClock "0:01:30"]
[Board "232"]

1. e4 e5 2. Nf3 Nc6 3. Bc4 Bc5 4. c3 Nf6 5. b4 Bb6 6. d3 d6 7. a4 a6 8. a5 Ba7 9. Bg5 h6 10. Be3 O-O 11. Bxa7 Rxa7 12. Nbd2 Ra8 13. O-O Ne7 14. Re1 Ng6 15. Nf1 Nh7 16. Ne3 c6 17. Nf5 Qf6 18. Ng3 Be6 19. Bxe6 fxe6 20. d4 Rad8 21. Ra2 Ng5 22. Nxg5 Qxg5 23. f3 Nf4 24. Rd2 h5 25. Kh1 h4 26. Nf1 h3 27. g3 Ng2 28. Ne3 Nxe3 29. Qe2 Ng2 30. Rg1 d5 31. exd5 Rxd5 32. c4 Rxd4 33. Rxd4 exd4 34. Qxe6+ Kh8 35. Qxh3+ Nh4 36. gxh4 Qe3 37. Rg3 Qe1+ 38. Rg1 Qf2 39. Qg3 Qxf3+ 0-1


[Site "https://www.chess.com"]

[Event "Titled Tuesday Blitz June 20 Early 2023"]
[White "Heinemann, Josefine"]
[Black "Marin Masis, Jose Esteban"]
[WhiteFideId "12900460"]
[BlackFideId "6508146"]
[WhiteElo "2342"]
[BlackElo "1838"]
[Result "1-0"]
[Round "2"]
[TimeControl "180+2"]
[Date "2023.06.20"]
[WhiteClock "0:00:11"]
[BlackClock "0:00:03"]
[Board "233"]

1. d4 Nf6 2. c4 e6 3. Nf3 Bb4+ 4. Bd2 Qe7 5. g3 b6 6. Bg2 Bb7 7. O-O Bxd2 8. Qxd2 d6 9. Nc3 Nbd7 10. Rfe1 O-O 11. e4 e5 12. Qc2 a6 13. h3 Rfe8 14. Rad1 Rad8 15. d5 Nc5 16. b4 Ncd7 17. a3 h6 18. Nh4 Bc8 19. Nf5 Qf8 20. f4 Nb8 21. Nh4 Nh5 22. Kh2 exf4 23. gxf4 Nxf4 24. Qf2 Nxg2 25. Kxg2 Qe7 26. Nf5 Bxf5 27. exf5 Qg5+ 28. Kh1 Nd7 29. Ne4 Qh5 30. Rd3 Re5 31. Rg3 Rxf5 32. Qg2 g6 33. Rg4 Kg7 34. Ng3 Qxg4 35. hxg4 Re5 36. Rxe5 Nxe5 37. Qe4 Rh8 38. c5 bxc5 39. bxc5 Rb8 40. cxd6 cxd6 41. Qc2 Rb5 42. Qd1 Ra5 43. Ne4 Rxa3 44. Nxd6 Rh3+ 45. Kg2 Rd3 46. Qe1 Rxd5 47. Ne8+ Kf8 48. Nc7 Rc5 49. Nxa6 Rc2+ 50. Kg3 Rc3+ 51. Kg2 Rc2+ 52. Kf1 Nf3 53. Qb4+ Kg7 54. Nc5 Nh2+ 55. Ke1 Nf3+ 56. Kd1 Rd2+ 57. Kc1 Rd4 58. Qc3 f6 59. Ne6+ 1-0


[Site "https://www.chess.com"]

[Event "Titled Tuesday Blitz June 20 Early 2023"]
[White "Gomez Barrera, Javiera Belen"]
[Black "Winkels, Marcel"]
[WhiteFideId "3418723"]
[BlackFideId "1003887"]
[WhiteElo "2119"]
[BlackElo "1900"]
[Result "1-0"]
[Round "2"]
[TimeControl "180+2"]
[Date "2023.06.20"]
[WhiteClock "0:01:49"]
[BlackClock "0:02:07"]
[Board "234"]

1. e4 Nf6 2. e5 Nd5 3. Nc3 d6 4. Nxd5 dxe5 5. Nc3 Nc6 6. Bb5 Bd7 7. d3 g6 8. Nf3 Bg7 9. O-O O-O 10. Re1 f6 11. Be3 a6 12. Ba4 b5 13. Bb3+ Kh8 14. d4 Bg4 15. dxe5 Qxd1 16. Raxd1 Bxf3 17. gxf3 Nxe5 18. Kg2 f5 19. Bd4 Nc6 20. Bxg7+ Kxg7 21. Re6 Na5 22. Rxe7+ Kh6 23. Rd4 c5 24. Rh4+ Kg5 25. Rhxh7 c4 26. h4+ Kf6 27. Nd5# 1-0


[Site "https://www.chess.com"]

[Event "Titled Tuesday Blitz June 20 Early 2023"]
[White "Brown, Raehanna"]
[Black "Marn, Jan"]
[WhiteFideId "7402740"]
[BlackFideId "14619245"]
[WhiteElo "1655"]
[BlackElo "2242"]
[Result "1-0"]
[Round "2"]
[TimeControl "180+2"]
[Date "2023.06.20"]
[WhiteClock "0:00:16"]
[BlackClock "0:00:14"]
[Board "235"]

1. c4 e6 2. Nc3 d5 3. cxd5 exd5 4. d4 c6 5. Bf4 Bd6 6. Bg3 Ne7 7. e3 O-O 8. Bd3 Bf5 9. Nf3 a5 10. O-O Bxg3 11. hxg3 Nd7 12. Bxf5 Nxf5 13. Qd3 Nd6 14. a3 a4 15. Rab1 Nc4 16. Nd2 Nxd2 17. Qxd2 Nb6 18. Qc2 Qe7 19. b3 axb3 20. Qxb3 Ra6 21. a4 Rb8 22. Rfd1 Nc4 23. e4 Qd7 24. exd5 cxd5 25. Qb5 Qxb5 26. Rxb5 Nb6 27. Rdb1 Nxa4 28. Rxb7 Rd8 29. Rb8 Rd6 30. Rxd8+ Rxd8 31. Nxa4 1-0


[Site "https://www.chess.com"]

[Event "Titled Tuesday Blitz June 20 Early 2023"]
[White "Prydun, Andriy"]
[Black "Sailer, Mike"]
[WhiteFideId "14145898"]
[BlackFideId "2012901"]
[WhiteElo "2164"]
[BlackElo "2109"]
[Result "1-0"]
[Round "2"]
[TimeControl "180+2"]
[Date "2023.06.20"]
[WhiteClock "0:00:28"]
[BlackClock "0:00:00"]
[Board "236"]

1. e4 d5 2. exd5 Qxd5 3. Nc3 Qd6 4. d4 c6 5. Nf3 Bf5 6. Ne5 Nd7 7. Nc4 Qg6 8. Ne3 Nh6 9. g4 Be4 10. f3 Bd5 11. Ncxd5 cxd5 12. Nxd5 O-O-O 13. Qe2 Nb6 14. Nf4 Qc6 15. Be3 Nxg4 16. fxg4 Qxh1 17. O-O-O e5 18. Bg2 Qxh2 19. Rh1 Qg3 20. Nh5 exd4 21. Nxg3 dxe3 22. Qf3 Rd7 23. Rd1 Nd5 24. Rxd5 1-0


[Site "https://www.chess.com"]

[Event "Titled Tuesday Blitz June 20 Early 2023"]
[White "Begunov, Konstantin"]
[Black "Blackwhite017"]
[WhiteFideId "4118510"]
[WhiteElo "1993"]
[BlackElo "2112"]
[Result "1-0"]
[Round "2"]
[TimeControl "180+2"]
[Date "2023.06.20"]
[WhiteClock "0:00:10"]
[BlackClock "0:00:00"]
[Board "237"]

1. d4 d5 2. c4 c6 3. Nc3 Nf6 4. Nf3 a6 5. cxd5 cxd5 6. Bf4 Nc6 7. e3 Bf5 8. Ne5 e6 9. Qa4 Qb6 10. Bb5 Rc8 11. Bxc6+ bxc6 12. O-O Be7 13. Bg5 O-O 14. Bxf6 Bxf6 15. Nd7 Qxb2 16. Nxf8 Kxf8 17. Qxa6 e5 18. Na4 Qb5 19. Qxb5 cxb5 20. Nb6 Rd8 21. dxe5 Bxe5 22. Rad1 d4 23. f3 Bc7 24. e4 Bxb6 25. exf5 d3+ 26. Kh1 d2 27. g3 Ba5 28. Kg2 Bc3 29. Rf2 b4 30. Re2 Ra8 31. Re4 Rxa2 32. Kf2 g6 33. fxg6 hxg6 34. Ke2 b3 35. Rc4 Ba5 36. Kd3 b2 37. Rc8+ Kg7 38. Rb8 Ra1 39. Ke2 1-0


[Site "https://www.chess.com"]

[Event "Titled Tuesday Blitz June 20 Early 2023"]
[White "Matyukov, Petr"]
[Black "Maluco_do_Natal_00"]
[WhiteFideId "4103688"]
[WhiteElo "2278"]
[BlackElo "2099"]
[Result "1/2-1/2"]
[Round "2"]
[TimeControl "180+2"]
[Date "2023.06.20"]
[WhiteClock "0:00:07"]
[BlackClock "0:00:12"]
[Board "238"]

1. d4 d5 2. c4 c6 3. Nf3 Nf6 4. e3 g6 5. b3 Bg7 6. Bb2 O-O 7. Bd3 Bg4 8. Nbd2 Nbd7 9. O-O h6 10. h3 Bxf3 11. Nxf3 e6 12. Ne5 Nxe5 13. dxe5 Nd7 14. f4 Nc5 15. Bc2 dxc4 16. bxc4 Qb6 17. Rb1 Rfd8 18. Qe2 Qa5 19. Bd4 b6 20. Bxc5 Qxc5 21. Be4 Bf8 22. Kh1 Rac8 23. Rbd1 b5 24. cxb5 cxb5 25. Qg4 h5 26. Qg5 Be7 27. Qg3 Bf8 28. Bxg6 fxg6 29. Qxg6+ Bg7 30. Qxe6+ Kh7 31. Qf5+ Kg8 32. Qe6+ Kh7 33. Qf5+ Kg8 34. Qe6+ 1/2-1/2


[Site "https://www.chess.com"]

[Event "Titled Tuesday Blitz June 20 Early 2023"]
[White "Vega Gutierrez, Sabrina"]
[Black "Torres Dominguez, David"]
[WhiteFideId "2219026"]
[BlackFideId "2220857"]
[WhiteElo "2209"]
[BlackElo "1999"]
[Result "0-1"]
[Round "2"]
[TimeControl "180+2"]
[Date "2023.06.20"]
[WhiteClock "0:00:00"]
[BlackClock "0:00:07"]
[Board "239"]

1. e4 Nc6 2. Nf3 e5 3. Nc3 Nf6 4. g3 d5 5. exd5 Nxd5 6. Bg2 Nxc3 7. bxc3 Bg4 8. h3 Bf5 9. O-O Qd7 10. Re1 f6 11. d4 O-O-O 12. g4 Bg6 13. Rb1 h5 14. Nh4 Bf7 15. g5 Bd6 16. Qd3 Na5 17. Bd2 Bc4 18. Qf3 c6 19. Be3 Bd5 20. Qe2 Bc4 21. Qf3 Bd5 22. Qf5 Be6 23. Qd3 Bc4 24. Qd2 Rhe8 25. Qc1 exd4 26. cxd4 Bd5 27. Bd2 Nc4 28. Rxe8 Rxe8 29. Rb3 Bc7 0-1


[Site "https://www.chess.com"]

[Event "Titled Tuesday Blitz June 20 Early 2023"]
[White "Milovic, Aleksandra"]
[Black "zsizsi99"]
[WhiteFideId "933988"]
[WhiteElo "2000"]
[BlackElo "2438"]
[Result "0-1"]
[Round "2"]
[TimeControl "180+2"]
[Date "2023.06.20"]
[WhiteClock "0:00:09"]
[BlackClock "0:00:12"]
[Board "240"]

1. d4 Nf6 2. c4 e6 3. Nf3 d5 4. g3 Be7 5. Bg2 O-O 6. O-O dxc4 7. Ne5 Nc6 8. Nxc6 bxc6 9. Bxc6 Rb8 10. Qc2 Rb6 11. Bg2 Qxd4 12. Be3 Qxb2 13. Qxb2 Rxb2 14. Bxa7 Rxe2 15. Bd4 c5 16. Bf3 Rc2 17. Bd1 cxd4 18. Bxc2 d3 19. Ba4 Nd5 20. Bb5 Bf6 21. Nd2 Bxa1 22. Rxa1 Nc3 23. Bxc4 Rd8 24. Kf1 Bb7 25. Rc1 Na4 26. Bb3 Nb6 27. Nc4 d2 28. Rd1 Ba6 29. Ke2 Nxc4 30. Bxc4 Bxc4+ 31. Ke3 Bxa2 32. Rxd2 Rxd2 33. Kxd2 Bd5 34. Ke3 g5 35. f4 g4 36. Kd4 Kg7 37. Ke5 f6+ 38. Kd4 Kg6 39. Ke3 Kf5 40. Kd4 h5 41. Ke3 e5 42. fxe5 fxe5 43. Kd3 Be4+ 44. Ke3 Bb1 45. Kf2 Ke4 46. Ke2 Bd3+ 47. Kf2 Bb5 48. Ke1 Ke3 49. Kd1 Kf2 50. Kd2 e4 51. Kc3 e3 52. Kd4 e2 53. Ke5 e1=Q+ 54. Kf5 Kg2 55. Kg5 Qxg3 56. Kxh5 Qxh2+ 57. Kxg4 Qh3+ 58. Kf4 Qf3+ 59. Kg5 Bf1 60. Kh4 Qg3+ 61. Kh5 Kf3 62. Kh6 Kf4 63. Kh5 Qg5# 0-1


[Site "https://www.chess.com"]

[Event "Titled Tuesday Blitz June 20 Early 2023"]
[White "Ansh M Shah"]
[Black "Semenova, Alina"]
[WhiteFideId "25033379"]
[BlackFideId "24113875"]
[WhiteElo "2084"]
[BlackElo "1833"]
[Result "1-0"]
[Round "2"]
[TimeControl "180+2"]
[Date "2023.06.20"]
[WhiteClock "0:00:06"]
[BlackClock "0:00:00"]
[Board "241"]

1. d4 d6 2. c4 Nf6 3. Nc3 g6 4. e4 Bg7 5. h4 h5 6. Be2 O-O 7. Nf3 e5 8. d5 a5 9. Ng5 Na6 10. f3 Nc5 11. Be3 a4 12. Qd2 a3 13. b4 Na6 14. Rb1 Nh7 15. Rb3 Bd7 16. Nb1 f5 17. Rxa3 f4 18. Bf2 Nxg5 19. hxg5 Qxg5 20. Bf1 Qe7 21. Bd3 c6 22. dxc6 bxc6 23. c5 d5 24. Rxa6 dxe4 25. fxe4 Rxa6 26. Bxa6 f3 27. g3 Bg4 28. Bc4+ Kh7 29. Qd6 Qa7 30. O-O h4 31. Be6 hxg3 32. Bxg4 gxf2+ 33. Rxf2 Qa4 34. Nd2 Qd1+ 35. Nf1 Qxd6 36. cxd6 Rf6 37. Rd2 Bf8 38. d7 1-0


[Site "https://www.chess.com"]

[Event "Titled Tuesday Blitz June 20 Early 2023"]
[White "Saim, Mohamed Ilias"]
[Black "Balla, Tamas-Kristof"]
[WhiteFideId "7900465"]
[BlackFideId "1208497"]
[WhiteElo "2063"]
[BlackElo "2334"]
[Result "0-1"]
[Round "2"]
[TimeControl "180+2"]
[Date "2023.06.20"]
[WhiteClock "0:02:04"]
[BlackClock "0:02:49"]
[Board "242"]

1. c4 c5 2. g3 Nc6 3. Bg2 g6 4. Nf3 Bg7 5. Nc3 e6 6. O-O Nge7 7. e4 O-O 8. d3 d6 9. a3 Nd4 10. Bd2 b6 11. b4 Bb7 12. Rb1 Nec6 13. Bg5 Nxf3+ 0-1


[Site "https://www.chess.com"]

[Event "Titled Tuesday Blitz June 20 Early 2023"]
[White "Sai Han Thiha"]
[Black "Goughfather"]
[WhiteFideId "13012290"]
[WhiteElo "1953"]
[BlackElo "2007"]
[Result "1-0"]
[Round "2"]
[TimeControl "180+2"]
[Date "2023.06.20"]
[WhiteClock "0:00:11"]
[BlackClock "0:00:00"]
[Board "243"]

1. d4 d5 2. Nf3 Nf6 3. c3 Bf5 4. Qb3 Bc8 5. Bf4 c6 6. e3 Qb6 7. c4 dxc4 8. Bxc4 e6 9. Nc3 Qxb3 10. axb3 Nd5 11. Bxb8 Rxb8 12. Rxa7 Bb4 13. Kd2 O-O 14. e4 Nf6 15. Re1 Rd8 16. Kc2 Bd7 17. h3 Be8 18. Re3 c5 19. d5 b5 20. Bf1 exd5 21. exd5 Nxd5 22. Rxe8+ Rxe8 23. Nxd5 Red8 24. Ne7+ Kf8 25. Nc6 Ra8 26. Rb7 Rdc8 27. Nce5 f6 28. Nd7+ Kg8 29. Bxb5 Re8 30. Nb6 Rab8 31. Bxe8 Rxb7 32. Nd5 Ra7 33. Bb5 Ra1 34. Ne7+ Kf7 35. Nc6 Ra8 36. Nxb4 cxb4 37. Nd4 Rc8+ 38. Kd3 Rc1 39. Nc2 Rf1 40. Ke3 Rc1 41. Nxb4 Rb1 42. Nd3 Ra1 43. b4 Ra8 44. Bc4+ Kg6 45. b5 Re8+ 46. Kd4 Rc8 47. b6 Rd8+ 48. Kc5 Rc8+ 49. Kb5 Rb8 50. Nc5 Rd8 51. b7 1-0


[Site "https://www.chess.com"]

[Event "Titled Tuesday Blitz June 20 Early 2023"]
[White "Better_Chess_Faster"]
[Black "Mrudul Dehankar"]
[BlackFideId "25096990"]
[WhiteElo "2006"]
[BlackElo "2139"]
[Result "0-1"]
[Round "2"]
[TimeControl "180+2"]
[Date "2023.06.20"]
[WhiteClock "0:00:00"]
[BlackClock "0:00:15"]
[Board "244"]

1. e4 c6 2. d4 d5 3. Nd2 dxe4 4. Nxe4 Nf6 5. Nxf6+ exf6 6. c3 Bd6 7. Bd3 O-O 8. Ne2 Re8 9. Qc2 h5 10. h3 Nd7 11. O-O h4 12. Bd2 Nf8 13. Rfe1 Qc7 14. b4 Bd7 15. a4 Rad8 16. b5 c5 17. Be3 g6 18. Rad1 c4 19. Be4 f5 20. Bf3 f4 21. Bc1 Bf5 22. Qa2 Ne6 23. Ba3 Ng5 24. Bxd6 Nxf3+ 25. gxf3 Qxd6 26. Kg2 Rc8 27. d5 Bd3 28. Nc1 Rxe1 29. Rxe1 Qxd5 30. Nxd3 Qxd3 31. Qa3 Qd5 32. Qe7 Qd2 33. Re4 Qxc3 34. Rxf4 Qg7 35. Qd7 Rc5 36. Qd8+ Qf8 37. Qxf8+ Kxf8 38. Kf1 c3 39. Rxh4 c2 40. Kg2 c1=Q 41. Re4 Rc2 42. Re3 Qxe3 0-1


[Site "https://www.chess.com"]

[Event "Titled Tuesday Blitz June 20 Early 2023"]
[White "Porat, Tori"]
[Black "Goncalves, Davi Sulzbacher"]
[WhiteFideId "30982626"]
[BlackFideId "2154510"]
[WhiteElo "1752"]
[BlackElo "2182"]
[Result "0-1"]
[Round "2"]
[TimeControl "180+2"]
[Date "2023.06.20"]
[WhiteClock "0:00:16"]
[BlackClock "0:00:44"]
[Board "245"]

1. d4 Nf6 2. c4 e6 3. Nc3 c5 4. d5 exd5 5. cxd5 g6 6. Nf3 Bg7 7. g3 O-O 8. Bg2 Re8 9. O-O d6 10. Bg5 h6 11. Bxf6 Qxf6 12. Rb1 Nd7 13. Nb5 Re7 14. Nc7 Rb8 15. Nb5 a6 16. Nc3 b5 17. e3 Nb6 18. Ne2 Bf5 19. Rc1 Qxb2 20. Nh4 Bg4 21. Bf3 Bd7 22. Rc2 Qf6 23. Bg2 Bg4 24. Qb1 g5 25. h3 Bxe2 26. Rxe2 gxh4 27. gxh4 Qxh4 28. Kh1 Kh8 29. Rg1 Re5 30. f4 Rh5 31. Kh2 Rg8 32. Qf1 Bf6 33. Bf3 Qxh3+ 34. Qxh3 Rxh3+ 35. Kxh3 Rxg1 0-1


[Site "https://www.chess.com"]

[Event "Titled Tuesday Blitz June 20 Early 2023"]
[White "Gatterer, Florian"]
[Black "Sanchez, Robert"]
[WhiteFideId "811688"]
[BlackFideId "2034360"]
[WhiteElo "2221"]
[BlackElo "1987"]
[Result "0-1"]
[Round "2"]
[TimeControl "180+2"]
[Date "2023.06.20"]
[WhiteClock "0:00:00"]
[BlackClock "0:01:55"]
[Board "246"]

1. c4 Nf6 2. Nf3 g6 3. b3 d6 4. Bb2 Bg7 5. d4 O-O 6. g3 Nbd7 7. Bg2 h6 8. O-O c6 9. Nc3 Re8 10. e4 e5 11. h3 Qe7 12. d5 Nc5 13. Re1 a5 14. Qd2 cxd5 15. cxd5 Nh5 16. Ba3 b6 17. Bf1 f5 18. Rac1 fxe4 19. Nxe4 Rf8 20. Nh4 Kh7 21. Nxc5 bxc5 22. Bd3 Nf4 23. Be4 Nxh3+ 24. Kh1 Nxf2+ 25. Kg2 Nxe4 26. Rxe4 g5 27. Qd3 Kg8 28. Ng6 Qf7 29. Nxf8 Bf5 30. Rf1 Rxf8 31. Kg1 Bxe4 32. Qe2 Qxf1+ 0-1


[Site "https://www.chess.com"]

[Event "Titled Tuesday Blitz June 20 Early 2023"]
[White "Lohani, Sujana"]
[Black "KorolDimitriy75"]
[WhiteFideId "12311987"]
[WhiteElo "1718"]
[BlackElo "2421"]
[Result "0-1"]
[Round "2"]
[TimeControl "180+2"]
[Date "2023.06.20"]
[WhiteClock "0:00:00"]
[BlackClock "0:00:14"]
[Board "247"]

1. d4 Nf6 2. Nf3 g6 3. c4 c5 4. d5 b5 5. cxb5 a6 6. b6 d6 7. Nc3 Nbd7 8. e4 Bg7 9. Bd3 O-O 10. O-O Nxb6 11. h3 e6 12. Bg5 exd5 13. exd5 h6 14. Bh4 Bb7 15. Bc2 Re8 16. Qd3 Qd7 17. Bxf6 Bxf6 18. Rad1 a5 19. b3 Ba6 20. Qd2 Bxf1 21. Rxf1 Bg7 22. Rd1 a4 23. bxa4 Nc4 24. Qf4 Nb2 25. Ne4 Nxd1 26. Bxd1 Rad8 27. Bc2 Qe7 28. Nh4 g5 29. Qf5 gxh4 30. f3 Qe5 31. Qg4 Kf8 32. Qxh4 Rb8 33. Qf2 f5 34. Nd2 Qd4 35. Qxd4 Bxd4+ 36. Kh2 Rb2 37. Bxf5 Rxd2 38. Be6 Be5+ 39. Kg1 Bg3 0-1


[Site "https://www.chess.com"]

[Event "Titled Tuesday Blitz June 20 Early 2023"]
[White "Rangel, Daniel"]
[Black "Skiadopoulos, Nikolaos"]
[WhiteFideId "2124475"]
[BlackFideId "4200772"]
[WhiteElo "2231"]
[BlackElo "2022"]
[Result "1-0"]
[Round "2"]
[TimeControl "180+2"]
[Date "2023.06.20"]
[WhiteClock "0:00:53"]
[BlackClock "0:00:00"]
[Board "248"]

1. d4 Nf6 2. c4 c5 3. Nf3 g6 4. Nc3 Bg7 5. d5 d6 6. g3 Na6 7. Bg2 Nc7 8. O-O O-O 9. e4 b5 10. cxb5 a6 11. e5 Nd7 12. exd6 exd6 13. bxa6 Bxa6 14. Re1 Re8 15. Bf4 Rxe1+ 16. Qxe1 Nb6 17. Rd1 Qd7 18. Ne4 Re8 19. Bxd6 Rxe4 20. Qxe4 Qxd6 21. b3 Nbxd5 22. Ng5 Bb7 23. Qf3 Bf6 24. Ne4 Qe6 25. Nxf6+ Nxf6 26. Qxb7 Nce8 27. a4 Kg7 28. a5 Nd6 29. Qc6 Nfe8 30. a6 Qxb3 31. Rxd6 1-0


[Site "https://www.chess.com"]

[Event "Titled Tuesday Blitz June 20 Early 2023"]
[White "Itkis, Boris"]
[Black "Castillo Pena, Patricia Evarista"]
[WhiteFideId "1209167"]
[BlackFideId "6412106"]
[WhiteElo "2219"]
[BlackElo "1859"]
[Result "1-0"]
[Round "2"]
[TimeControl "180+2"]
[Date "2023.06.20"]
[WhiteClock "0:01:37"]
[BlackClock "0:00:04"]
[Board "249"]

1. c4 c6 2. Nf3 Nf6 3. g3 d5 4. Bg2 e6 5. O-O Nbd7 6. b3 Bd6 7. Bb2 O-O 8. d4 Qe7 9. Ne5 c5 10. cxd5 exd5 11. Nxd7 Bxd7 12. dxc5 Bxc5 13. Nc3 Bc6 14. Rc1 Rfd8 15. Qc2 Rac8 16. Qb1 d4 17. Na4 Bxa4 18. bxa4 b6 19. Qd3 Nd5 20. a3 Nc3 21. e3 Nxa4 22. Bxd4 Bxd4 23. exd4 Rxc1 24. Rxc1 Nc5 25. Qe3 Qxe3 26. fxe3 Ne6 27. Rc6 Kf8 28. Kf2 Ke7 29. a4 Rd6 30. Rc8 Rd8 31. Rc3 h5 32. h4 Rd6 33. Bf3 g6 34. Ke2 Ng7 35. a5 bxa5 36. Rc5 Ra6 37. Bb7 Rb6 38. Bd5 a4 39. Ra5 a6 40. Rxa4 f5 41. Bc4 Ne6 42. Rxa6 Rxa6 43. Bxa6 Nc7 44. Bc4 Kd6 45. Kf3 Nd5 46. Bxd5 Kxd5 47. Kf4 Ke6 48. Kg5 Kd5 49. Kxg6 1-0


[Site "https://www.chess.com"]

[Event "Titled Tuesday Blitz June 20 Early 2023"]
[White "Herzog2012"]
[Black "Gyulamiryan-koryun"]
[WhiteElo "2412"]
[BlackElo "1718"]
[Result "1-0"]
[Round "2"]
[TimeControl "180+2"]
[Date "2023.06.20"]
[WhiteClock "0:00:11"]
[BlackClock "0:00:06"]
[Board "251"]

1. e4 c5 2. Nf3 d6 3. d4 cxd4 4. Nxd4 Nf6 5. Nc3 a6 6. Bg5 e6 7. f4 Be7 8. Qf3 Nbd7 9. O-O-O Qc7 10. g4 h6 11. Bxf6 Bxf6 12. h4 Be7 13. g5 Nc5 14. g6 f6 15. f5 O-O 16. fxe6 Nxe6 17. Nd5 Qd8 18. Nf5 Re8 19. Ndxe7+ Rxe7 20. Rxd6 Rd7 21. Rxe6 Rd2 22. Bc4 Bxe6 23. Bxe6+ Kh8 24. Nxh6 gxh6 25. g7+ Kxg7 26. Rg1+ Kf8 27. Rg8+ Ke7 28. Rxd8 Raxd8 29. Bd5 Rh2 30. Qa3+ Rd6 31. Qg3 Rh1+ 32. Kd2 Rd7 33. Qg7+ Kd8 34. Qxf6+ Kc7 35. Qc3+ Kb8 36. Ke3 Rh3+ 37. Kd4 Rxc3 38. bxc3 Kc7 39. e5 Re7 40. c4 b6 41. Ke4 a5 42. Kf5 Kd7 43. Kf6 Re8 44. a4 Rf8+ 45. Bf7 Rb8 46. e6+ Kd6 47. e7 Kd7 48. e8=Q+ Rxe8 49. Bxe8+ Kxe8 50. Ke6 h5 51. Kd6 Kf7 52. Kc6 Kf6 53. Kxb6 Kf5 54. c5 Kg4 55. c6 Kxh4 56. c7 Kg3 57. c8=Q h4 58. Qc6 h3 59. Qh1 h2 60. Kxa5 1-0


[Site "https://www.chess.com"]

[Event "Titled Tuesday Blitz June 20 Early 2023"]
[White "Carlsen, Magnus"]
[Black "Lorparizangeneh, Shahin"]
[WhiteFideId "1503014"]
[BlackFideId "12521604"]
[WhiteElo "2858"]
[BlackElo "2526"]
[Result "1-0"]
[Round "3"]
[TimeControl "180+2"]
[Date "2023.06.20"]
[WhiteClock "0:01:14"]
[BlackClock "0:00:10"]
[Board "1"]

1. d4 Nf6 2. Bf4 g6 3. Nc3 d5 4. e3 Bg7 5. Nf3 Bg4 6. Be2 Bxf3 7. Bxf3 O-O 8. g4 c6 9. h4 Nfd7 10. h5 e5 11. Bg3 exd4 12. exd4 Re8+ 13. Kf1 Qf6 14. h6 Bh8 15. Kg2 Qxd4 16. Re1 Na6 17. Qxd4 Bxd4 18. Rad1 Be5 19. Nxd5 cxd5 20. Rxd5 Bxg3 21. Rxe8+ Rxe8 22. Rxd7 Bf4 23. Bd5 Rf8 24. Rxb7 Bxh6 25. b4 Bf4 26. Bc4 Nb8 27. b5 Kg7 28. Rxa7 h5 29. gxh5 gxh5 30. a4 Kf6 31. a5 Rg8+ 32. Kf3 Bd6 33. Rxf7+ Ke5 34. a6 Rc8 35. a7 Rxc4 36. a8=Q 1-0


[Site "https://www.chess.com"]